Map: Emerald City LE

Players

bozata

  • Race: Zerg Zerg
  • Spawn Location: 11:00

vvg

  • Race: Protoss Protoss
  • League: Diamond
  • Spawn Location: 11:00

Massa

  • Race: Terran Terran
  • League: Platinum
  • Spawn Location: 5:00

qqq

  • Race: Zerg Zerg
  • Spawn Location: 5:00

VOD

Have the link to the VOD?

Description

Time

  • Played on: Nov. 7, 2020, 6:17 a.m.
  • Length: 22:26
Show
View Real Time Build Order
Export as new Build Order

bozata Zerg 

Build Orders: Hatch First, Lurkers, Muta Ling Bane 

Get SALT Encoding   

  12  0:02  Drone  
  13  0:14  Drone  
  14  0:18  Overlord  
  14  0:48  Hatchery  
  13  0:51  Drone x2  
  15  0:57  Drone  
  16  1:11  Spawning Pool  
  15  1:13  Drone  
  16  1:19  Drone  
  17  1:35  Extractor  
  17  1:37  Drone  
  17  1:38  Drone  
  18  1:43  Extractor  
  17  1:49  Drone  
  18  1:58  Queen  
  21  2:01  Zergling x2  
  21  2:05  Drone  
  21  2:08  Queen  
  24  2:19  Drone  
  24  2:21  Drone x2  
  27  2:32  Drone  
  28  2:40  Baneling Nest  
  28  2:41  Drone  
  28  2:43  Drone  
  28  2:45  Overlord  
  28  2:46  Overlord  
  28  3:04  Drone  
  28  3:05  Drone x2  
  31  3:12  Drone x2  
  33  3:14  Metabolic Boost  
  33  3:17  Drone  
  34  3:20  Drone x3  
  37  3:35  Drone  
  38  3:50  Zergling x6  
  41  4:05  Drone, Roach Warren  
  41  4:08  Lair  
  41  4:09  Drone x3  
  44  4:18  Hatchery  
  44  4:22  Drone  
  44  4:31  Overlord x2  
  44  4:42  Spore Crawler  
  43  4:48  Zergling x2  
  43  4:52  Overlord  
  44  5:05  Extractor  
  44  5:06  Drone x3  
  46  5:09  Overlord x3  
  46  5:11  Hatchery  
  46  5:12  Centrifical Hooks  
  45  5:18  Spire  
  44  5:26  Baneling x2  
  44  5:27  Baneling x4  
  44  5:33  Zergling x4  
  44  5:34  Zergling x2  
  47  5:37  Queen  
  47  5:38  Queen  
  51  6:00  Evolution Chamber  
  50  6:05  Evolution Chamber  
  50  6:06  Drone x3  
  50  6:07  Drone x3  
  50  6:08  Drone x3  
  50  6:09  Drone x3  
  59  6:15  Extractor  
  58  6:32  Zergling x4  
  55  6:37  Zergling x4  
  55  6:39  Zergling x6  
  57  6:42  Zergling x2  
  58  7:00  Pneumatized Carapace  
  58  7:09  Drone  
  58  7:10  Drone  
  58  7:11  Drone x2  
  58  7:12  Drone  
  58  7:13  Queen  
  65  7:35  Mutalisk x2  
  68  7:37  Mutalisk x3  
  68  7:38  Mutalisk x2  
  68  7:43  Zergling x6  
  81  7:50  Hatchery  
  80  8:01  Infestation Pit  
  80  8:02  Zerg Melee Weapons Level 1  
  79  8:05  Zerg Missile Weapons Level 1  
  79  8:10  Extractor  
  79  8:11  Drone x3, Extractor  
  80  8:35  Hydralisk Den  
  80  8:36  Drone x2  
  79  9:07  Hive  
  79  9:11  Hydralisk x3  
  79  9:13  Hydralisk x3  
  91  9:30  Hydralisk x4  
  99  9:32  Hydralisk x3  
  99  9:33  Hydralisk x2  
  99  9:34  Hydralisk  
  88  9:47  Hydralisk  
  88  9:48  Hydralisk x2  
  93  9:55  Hydralisk x3  
  93  9:56  Hydralisk  
  101  10:00  Zergling x4  
  101  10:01  Zergling x4  
  101  10:06  Zergling x10  
  110  10:10  Overlord x2  
  110  10:11  Overlord  
  110  10:12  Overlord x3  
  110  10:18  Grooved Spines  
  110  10:24  Ultralisk Cavern  
  109  10:31  Zerg Ground Armor Level 1  
  109  10:37  Drone x2  
  111  11:05  Lurker Den  
  111  11:10  Hydralisk x3  
  116  11:13  Hydralisk x3  
  116  11:15  Zerg Missile Weapons Level 2  
  122  11:18  Hydralisk x3  
  122  11:23  Drone x3  
  131  11:30  Muscular Augments  
  131  11:36  Overlord x2  
  131  11:39  Hatchery  
  128  12:02  Hydralisk x2  
  128  12:03  Hydralisk x3  
  128  12:05  Hydralisk x3  
  128  12:06  Hydralisk x5  
  128  12:07  Hydralisk  
  128  12:08  Hydralisk  
  139  12:28  Overseer  
  139  12:30  Overseer  
  137  12:41  Zergling x2  
  137  12:42  Zergling x4  
  137  12:44  Adrenal Glands  
  128  12:50  Zerg Ground Armor Level 2  
  128  12:53  Drone  
  129  13:02  Queen  
  123  13:23  Lurker x3  
  123  13:24  Lurker x2  
  128  13:31  Zerg Melee Weapons Level 2  
  125  13:41  Zergling x6  
  128  13:42  Zergling x6  
  128  13:44  Zergling x2  
  128  13:45  Zergling x6  
  128  13:46  Zergling x4  
  137  13:55  Hatchery  
  124  14:24  Hydralisk  
  124  14:25  Hydralisk x2  
  124  14:26  Hydralisk x3  
  124  14:28  Hydralisk x3  
  142  14:38  Drone  
  142  14:43  Overlord  
  142  14:44  Overlord  
  143  14:45  Overseer  
  143  15:08  Queen  
  143  15:09  Infestor  
  143  15:12  Extractor  
  143  15:14  Extractor  
  145  15:15  Lurker x6  
  145  15:17  Lurker x5  
  156  15:22  Drone  
  156  15:23  Drone  
  156  15:25  Drone  
  159  15:54  Drone x3  
  162  16:08  Zerg Missile Weapons Level 3  
  162  16:09  Zerg Ground Armor Level 3  
  162  16:13  Ultralisk  
  168  16:31  Hydralisk x3  
  168  16:32  Hydralisk x2  
  178  16:35  Zergling x6  
  178  16:36  Zergling x6  
  158  17:18  Hydralisk x7  
  158  17:19  Hydralisk x6  
  169  17:31  Hatchery  
  152  17:56  Overseer x2  
  146  17:58  Overlord x2  
  146  17:59  Overlord  
  146  18:02  Drone x3  
  133  18:17  Hydralisk x3  
  133  18:18  Hydralisk x3  
  145  18:28  Ultralisk  
  145  18:29  Ultralisk  
  157  18:37  Zergling x12  
  157  18:39  Hydralisk x2  
  167  18:42  Drone x3  
  167  18:45  Drone  
  167  18:46  Zerg Melee Weapons Level 3  
  167  18:48  Queen  
  173  19:02  Ultralisk  
  179  19:11  Lurker x5  
  184  19:20  Zergling x6  
  184  19:21  Overlord x2  
  184  19:22  Overlord  
  187  19:27  Drone x3  
  187  19:28  Extractor  
  189  19:47  Zergling x2  
  190  19:54  Zergling x2  
  191  20:17  Drone x2  
  191  20:18  Drone  
  191  20:20  Zergling x6  
  197  20:21  Drone x2  
  198  20:39  Pathogen Glands  
  198  20:43  Chitinous Plating  
  198  20:47  Greater Spire  
  198  20:49  Hydralisk x2  
  138  21:37  Ultralisk x3  
  138  21:38  Ultralisk x3  
  171  21:42  Extractor  
Show
View Real Time Build Order
Export as new Build Order

vvg Protoss 

Build Orders: 1 Gate Expand, Blink Stalkers, Zealot Archon 

Get SALT Encoding   

  12  0:03  Probe  
  13  0:15  Probe  
  14  0:22  Pylon  
  14  0:27  Probe (Chrono Boost)  
  15  0:40  Probe (Chrono Boost)  
  16  0:44  Gateway  
  16  0:49  Probe, Assimilator  
  17  1:01  Probe (Chrono Boost)  
  18  1:13  Probe (Chrono Boost)  
  19  1:19  Probe (Chrono Boost)  
  20  1:27  Probe  
  21  1:39  Cybernetics Core  
  21  1:44  Nexus  
  21  1:54  Pylon  
  21  2:01  Assimilator  
  21  2:08  Gateway  
  21  2:13  Probe  
  21  2:14  Adept (Chrono Boost)  
  22  2:17  Warp Gate  
  24  2:25  Probe  
  25  2:38  Stalker  
  27  2:45  Twilight Council  
  27  2:48  Pylon  
  27  2:50  Probe  
  28  2:57  Stalker  
  30  3:01  Probe  
  31  3:06  Pylon  
  31  3:08  Probe  
  32  3:25  Blink (Chrono Boost)  
  32  3:29  Probe x2  
  34  3:42  Adept x2  
  34  3:44  Probe x2  
  40  3:57  Probe x2  
  42  4:18  Robotics Facility  
  42  4:19  Gateway  
  42  4:21  Probe x2  
  44  4:26  Stalker x2  
  48  4:34  Probe  
  48  4:35  Probe  
  48  4:38  Forge  
  50  4:44  Pylon  
  50  4:46  Probe  
  50  4:47  Probe  
  52  4:52  Gateway  
  52  4:59  Probe x2  
  54  5:07  Sentry  
  54  5:08  Sentry  
  58  5:16  Pylon  
  58  5:17  Protoss Ground Weapons Level 1 (Chrono Boost)  
  58  5:23  Assimilator x2  
  58  5:29  Probe x2  
  58  5:31  Stalker x3  
  66  5:35  Pylon  
  66  5:36  Pylon  
  66  5:38  Pylon  
  66  5:39  Pylon  
  66  5:41  Probe x2  
  68  5:46  Warp Prism (Chrono Boost)  
  70  5:53  Charge  
  70  5:54  Probe  
  70  5:55  Probe  
  70  6:26  Stalker x4  
  78  6:37  Templar Archives  
  78  6:38  Probe x2  
  80  6:54  Stalker  
  80  6:55  Stalker x3  
  80  7:00  Gateway  
  88  7:03  Nexus  
  88  7:04  Pylon  
  88  7:06  Photon Cannon, Pylon  
  88  7:13  Probe x2  
  88  7:14  Protoss Ground Weapons Level 2 (Chrono Boost)  
  88  7:15  Photon Cannon  
  90  7:24  Observer  
  90  7:25  Probe  
  90  7:26  Probe  
  93  7:30  Assimilator  
  93  7:33  Assimilator  
  93  7:37  Photon Cannon  
  93  7:38  Pylon  
  93  7:41  Probe x2  
  95  7:47  High Templar x3  
  101  7:51  Archon  
  101  7:53  Zealot  
  101  7:58  Gateway  
  103  8:01  Gateway  
  103  8:03  Probe x2  
  105  8:07  High Templar  
  105  8:09  Observer  
  108  8:13  Archon  
  108  8:15  Probe  
  109  8:22  Zealot x4  
  117  8:35  Psionic Storm  
  117  8:41  High Templar  
  117  8:42  High Templar  
  117  8:43  Zealot x3  
  117  8:45  Probe x3  
  117  8:47  Photon Cannon  
  130  8:50  Shield Battery  
  130  8:53  Shield Battery  
  130  9:02  Gateway  
  130  9:05  Gateway  
  130  9:09  Immortal  
  134  9:12  High Templar x2  
  138  9:17  Zealot x2  
  138  9:23  Zealot  
  144  9:39  Stalker x2  
  148  10:04  Pylon x2  
  148  10:05  Pylon  
  148  10:10  Pylon x2  
  148  10:11  Pylon  
  148  10:14  Pylon x2  
  148  10:18  Nexus  
  148  10:21  Pylon  
  148  10:23  Pylon  
  148  10:24  Pylon  
  148  10:25  High Templar x2  
  148  10:26  High Templar x5  
  162  10:30  Archon x3  
  162  10:31  Protoss Ground Weapons Level 3 (Chrono Boost)  
  162  10:42  Assimilator  
  162  10:44  Assimilator  
  162  10:58  Adept x3  
  162  11:03  Adept x3  
  162  11:04  Adept  
  168  11:12  Photon Cannon  
  163  11:25  Stalker x5  
  167  11:29  Photon Cannon  
  167  11:30  Photon Cannon x2  
  159  11:34  Robotics Bay  
  159  11:38  Probe x2  
  159  11:39  Probe  
  148  11:40  Robotics Facility  
  148  11:41  Probe  
  131  11:48  High Templar  
  131  11:49  High Templar  
  131  11:53  Probe  
  134  12:07  Shield Battery  
  134  12:08  Shield Battery  
  134  12:09  Shield Battery  
  134  12:15  Gateway  
  134  12:19  Observer  
  135  12:24  High Templar x2  
  135  12:25  High Templar x4  
  135  12:27  Zealot  
  149  12:30  Archon  
  149  12:31  Archon x2  
  147  12:40  Observer  
  116  12:55  High Templar  
  116  12:56  Disruptor (Chrono Boost)  
  116  12:58  Disruptor (Chrono Boost)  
  118  13:04  Extended Thermal Lance  
  124  13:08  Stalker x6  
  110  13:54  Immortal x2  
  118  13:56  Stalker x4  
  118  13:57  Stalker x4  
  114  14:26  Stalker x2  
  114  14:27  Stalker x5  
  128  14:32  Disruptor x2  
  128  14:33  Protoss Ground Armor Level 1 (Chrono Boost)  
  128  14:36  Pylon  
  134  14:44  Probe  
  134  14:45  Probe x3  
  138  14:54  High Templar x7  
  138  14:57  Probe  
  150  15:00  Archon  
  150  15:07  Gateway  
  150  15:11  Gateway  
  150  15:15  Probe x3  
  150  15:16  Disruptor x2  
  159  15:41  Stalker x2  
  159  15:42  Stalker x6  
  175  15:45  Immortal x2  
  175  15:51  Robotics Facility  
  175  15:52  Gravitic Boosters  
  183  15:58  Zealot x2  
  183  16:00  Nexus  
  183  16:01  Probe x2  
  183  16:02  Probe x2  
  191  16:07  Pylon  
  191  16:08  Pylon  
  191  16:09  Assimilator  
  191  16:13  Assimilator  
  191  16:23  Photon Cannon  
  191  16:24  Observer x2  
  193  16:27  Photon Cannon  
  193  16:28  Photon Cannon  
  134  16:59  Archon x3  
  134  17:02  Warp Prism  
  134  17:03  Zealot  
  134  17:04  Zealot x11  
  134  17:06  Observer  
  156  17:34  Stalker x7  
  156  17:35  Stalker x2  
  156  17:36  Colossus (Chrono Boost)  
  167  17:52  Colossus x2 (Chrono Boost)  
  162  18:23  Observer  
  162  18:25  Zealot  
  162  18:26  Zealot x11  
  158  18:52  Stalker  
  158  18:53  Stalker x4  
  158  18:54  Stalker x6  
  156  19:08  Colossus  
  156  19:09  Disruptor  
  165  19:11  High Templar  
  135  19:29  High Templar  
  135  19:30  High Templar x8  
  151  19:32  Zealot x2  
  155  19:53  Photon Cannon  
  155  19:54  Photon Cannon  
  155  19:55  Photon Cannon, Shield Battery  
  155  19:57  Shield Battery  
  155  20:01  Zealot x4  
  155  20:02  Zealot x4  
  155  20:04  High Templar  
  173  20:13  Observer  
  173  20:14  Observer  
  173  20:35  Immortal  
  177  20:38  High Templar  
  177  20:40  Stalker x2  
  177  20:41  Stalker x6  
  175  21:02  Stalker x3  
  179  21:05  Immortal  
  177  21:14  Immortal  
  177  21:26  Zealot x2  
  177  21:27  Zealot x7  
  195  22:01  Zealot  
  195  22:02  Zealot  
Show
View Real Time Build Order
Export as new Build Order

Massa Terran 

Build Orders:  

Get SALT Encoding   

  12  0:00  SCV  
  13  0:13  SCV  
  14  0:22  Supply Depot  
  14  0:25  SCV  
  15  0:31  Refinery  
  15  0:43  SCV  
  15  0:45  Barracks  
  16  0:55  SCV  
  17  1:08  SCV  
  18  1:20  SCV  
  19  1:32  SCV  
  20  1:33  Reaper  
  20  1:39  Command Center  
  22  1:48  Orbital Command  
  21  2:05  Marine  
  22  2:17  SCV  
  23  2:24  Factory  
  23  2:26  Barracks Reactor  
  23  2:27  Supply Depot  
  23  3:03  Orbital Command  
  23  3:05  SCV  
  24  3:06  Marine  
  24  3:07  Marine, Command Center  
  24  3:09  Factory Tech Lab  
  26  3:17  SCV  
  26  3:18  Starport  
  27  3:21  Engineering Bay  
  27  3:24  Marine  
  27  3:25  Marine  
  29  3:29  SCV  
  30  3:42  Marine  
  30  4:12  Siege Tank  
  30  4:13  Marine x2  
  30  4:15  SCV x2  
  37  4:23  Barracks  
  37  4:27  SCV  
  37  4:28  SCV, Orbital Command  
  37  4:29  Barracks  
  39  4:31  Marine  
  39  4:34  Refinery  
  39  4:35  Marine  
  41  4:40  SCV x2, Missile Turret  
  43  4:45  Missile Turret  
  43  4:49  Marine  
  43  4:52  SCV, Cyclone  
  48  4:53  Marine  
  48  4:55  SCV x2  
  51  5:04  SCV  
  52  5:07  Marine, Medivac  
  52  5:10  SCV x2  
  52  5:11  Marine  
  52  5:12  Barracks Tech Lab  
  58  5:16  SCV  
  58  5:20  Barracks Tech Lab  
  59  5:22  SCV x2  
  61  5:31  Supply Depot  
  61  5:45  Supply Depot x2  
  61  5:48  Refinery  
  61  5:52  Marine  
  61  5:53  SCV x2  
  61  5:54  Orbital Command, Stimpack, Supply Depot  
  64  5:58  Refinery, Medivac  
  66  6:05  SCV x2  
  66  6:10  Supply Depot, Combat Shield  
  68  6:14  Marine x3  
  68  6:15  Marine  
  68  6:16  Supply Depot  
  73  6:33  Marauder  
  73  6:40  Supply Depot  
  69  6:52  Marauder, Marine x2  
  70  6:54  Marauder  
  70  6:56  SCV x3  
  70  7:00  Missile Turret  
  73  7:03  Missile Turret  
  73  7:04  Missile Turret, Supply Depot  
  73  7:05  Missile Turret, Siege Tank  
  73  7:07  Starport Reactor  
  73  7:08  SCV x2  
  78  7:10  Marine x2  
  78  7:13  Marauder  
  78  7:15  Marine  
  83  7:17  Barracks  
  83  7:21  Terran Infantry Weapons Level 1  
  83  7:22  Armory  
  83  7:23  Missile Turret  
  83  7:26  Engineering Bay  
  83  7:27  Supply Depot  
  83  7:33  Barracks  
  83  7:35  Barracks  
  83  7:39  Marauder x2  
  83  7:40  Marine x2  
  89  7:48  Missile Turret  
  89  7:59  Missile Turret  
  89  8:00  Marauder x2  
  89  8:01  Terran Infantry Armor Level 1  
  89  8:03  Marine  
  89  8:04  Marine  
  95  8:06  Barracks Tech Lab  
  95  8:07  Siege Tank  
  95  8:12  Medivac  
  100  8:14  Medivac  
  102  8:21  Marine, Missile Turret  
  102  8:22  Marauder x2, Marine  
  108  8:27  Sensor Tower  
  110  8:34  Marauder  
  110  8:36  Barracks Tech Lab  
  110  8:38  Barracks Reactor  
  110  8:39  Marine  
  111  8:43  Marauder x2  
  111  8:45  Missile Turret  
  115  8:49  Medivac  
  115  8:55  Refinery, Marauder  
  119  8:56  SCV x3  
  119  8:57  Refinery  
  122  9:08  SCV x3  
  125  9:10  Missile Turret  
  125  9:15  Terran Vehicle And Ship Armor Level 1  
  125  9:20  SCV x2  
  127  9:30  Missile Turret  
  127  9:38  Marauder x3  
  133  9:48  Supply Depot  
  133  9:49  Supply Depot  
  133  9:50  Supply Depot x3  
  133  9:51  Supply Depot  
  133  9:52  Supply Depot  
  133  9:53  Missile Turret, Supply Depot  
  133  10:10  SCV x2, Marauder, Marine x4  
  133  10:11  SCV, Marauder  
  133  10:12  Supply Depot x2  
  144  10:14  Supply Depot  
  144  10:15  Supply Depot  
  144  10:16  Command Center  
  144  10:22  SCV x2, Ghost Academy  
  144  10:23  SCV  
  144  10:24  Terran Infantry Armor Level 2, Terran Infantry Weapons Level 2  
  144  10:28  Siege Tank  
  150  10:31  Smart Servos  
  150  10:34  Marauder x4  
  158  10:39  SCV x3  
  161  10:47  Concussive Shells  
  161  10:51  SCV x3  
  161  10:55  Marauder x2  
  161  10:56  Marauder x2  
  172  11:00  Siege Tank  
  172  11:03  SCV x3  
  178  11:09  Terran Vehicle Weapons Level 1  
  178  11:15  SCV  
  178  11:17  Marauder x2  
  180  11:32  Siege Tank  
  162  11:44  Marauder x2  
  162  11:45  Marauder x2, Marine x2  
  145  11:48  Medivac  
  145  11:49  Medivac  
  149  12:05  Marauder  
  149  12:06  Marauder x2  
  155  12:18  Medivac  
  155  12:19  Medivac  
  159  12:24  Planetary Fortress  
  159  12:30  Missile Turret  
  159  12:33  Missile Turret  
  159  12:34  Missile Turret  
  150  12:48  Medivac  
  150  12:49  Medivac  
  150  12:50  Missile Turret  
  141  12:53  Marauder x4  
  141  12:54  Marine x4  
  141  12:56  Missile Turret x2  
  149  13:12  Marine x4  
  151  13:14  Marauder x2  
  151  13:15  Terran Infantry Weapons Level 3, Marauder x2, Terran Infantry Armor Level 3  
  151  13:18  Terran Vehicle And Ship Armor Level 2, Medivac  
  163  13:27  Refinery  
  163  13:28  Refinery  
  163  13:30  Marine  
  163  13:33  Enhanced Shockwaves  
  164  13:36  Marauder x4  
  171  13:57  Marauder x4  
  140  14:18  Marauder  
  132  14:31  Medivac x2  
  132  14:33  Marauder x3  
  132  14:35  Marine x4  
  132  14:36  Siege Tank  
  149  14:40  Marauder  
  151  14:54  Marauder x3, Command Center  
  151  14:55  Personal Cloaking  
  157  15:00  Marine x4  
  157  15:01  Marauder, Medivac x2  
  167  15:08  Siege Tank  
  167  15:10  Sensor Tower  
  170  15:15  Marauder  
  170  15:16  Marauder x2  
  170  15:18  Marine x2  
  178  15:23  Marauder  
  180  15:28  Factory  
  180  15:29  Factory  
  180  15:31  Medivac  
  180  15:32  Factory  
  180  15:33  Terran Vehicle Weapons Level 2  
  182  15:37  Marauder x3  
  182  15:40  Siege Tank  
  191  15:43  Ghost  
  193  15:57  Ghost x2  
  193  15:58  Ghost  
  193  16:03  Missile Turret  
  193  16:04  Missile Turret  
  199  16:05  Missile Turret  
  199  16:23  Missile Turret  
  199  16:25  Missile Turret  
  199  16:27  Missile Turret  
  170  16:44  Missile Turret  
  123  16:56  Marauder  
  123  16:57  Marauder x3, Marine x3  
  123  16:58  Marine  
  99  17:04  Medivac x2  
  96  17:11  Siege Tank  
  96  17:15  Factory Tech Lab x3, Marine  
  97  17:17  Marauder  
  97  17:18  Marauder x3  
  105  17:26  Marine x3  
  108  17:33  Marine  
  108  17:34  Medivac x2  
  113  17:39  Marauder x2  
  113  17:40  Marauder x2  
  113  17:43  Siege Tank  
  113  17:44  Marine x3  
  114  17:51  Siege Tank x2  
  114  17:52  Siege Tank  
  123  18:00  Marauder  
  123  18:01  Marauder x2  
  123  18:04  Medivac  
  133  18:13  Marauder  
  133  18:14  Marine x4  
  133  18:15  Siege Tank  
  140  18:21  Marauder  
  140  18:22  Marauder x2  
  140  18:23  Siege Tank x2  
  149  18:31  Marine  
  144  18:34  Marauder  
  144  18:38  Marine  
  144  18:39  Marine x2  
  140  18:43  Marauder x2  
  140  18:44  Marauder  
  140  18:47  Siege Tank  
  137  18:49  Marine  
  137  18:50  Siege Tank  
  142  18:55  Marauder, Siege Tank  
  142  18:56  Marine, Siege Tank  
  142  18:57  Marine x2  
  142  19:04  Marauder  
  142  19:05  Marauder x2  
  142  19:08  Marine  
  149  19:14  Marine x3  
  139  19:17  Marauder  
  139  19:19  Siege Tank  
  129  19:26  Marauder x2, Marine  
  129  19:27  Marauder  
  129  19:30  Viking  
  133  19:32  Marine  
  133  19:38  Marauder  
  136  19:44  Orbital Command  
  136  19:47  Marauder  
  136  19:48  Marauder x2  
  142  20:11  Medivac x2  
  146  20:26  Marauder x2  
  146  20:27  Marauder x2, Marine  
  146  20:28  Marine x3  
  156  20:32  Siege Tank x4  
  170  20:41  Medivac x2  
  174  20:48  Marauder x4  
  138  21:00  Marine x4  
  142  21:09  Marauder x2  
  142  21:10  Marauder x2  
  145  21:17  Marine  
  145  21:18  Marine x3  
  135  21:21  Siege Tank  
  130  21:31  Marauder x4  
  137  21:52  Marauder x4  
  145  22:00  Marine x2  
  145  22:01  Marine x2  
Show
View Real Time Build Order
Export as new Build Order

qqq Zerg 

Build Orders: Hatch First, Lurkers 

Get SALT Encoding   

  12  0:00  Drone  
  13  0:10  Drone  
  14  0:36  Hatchery  
  13  0:46  Drone  
  14  0:56  Spawning Pool  
  13  1:05  Overlord  
  13  1:14  Drone  
  14  1:29  Drone  
  14  1:31  Drone x2, Extractor  
  16  1:45  Drone  
  16  1:46  Queen  
  19  2:03  Drone x2  
  19  2:04  Drone x2  
  23  2:15  Drone  
  23  2:17  Queen  
  23  2:20  Drone  
  27  2:28  Zergling x2  
  28  2:47  Overlord x2  
  28  2:50  Evolution Chamber  
  27  2:53  Drone  
  27  2:56  Overlord  
  28  3:00  Evolution Chamber  
  28  3:01  Drone  
  28  3:05  Lair  
  28  3:08  Drone  
  28  3:11  Drone  
  30  3:17  Zerg Melee Weapons Level 1  
  30  3:19  Zergling x2  
  31  3:29  Drone x2  
  31  3:30  Zergling x2  
  31  3:31  Zergling x2  
  35  3:46  Metabolic Boost  
  35  3:48  Zergling x4  
  35  3:50  Drone x3  
  40  3:58  Zergling x2, Overlord  
  40  3:59  Zergling x2  
  40  4:00  Drone  
  43  4:12  Drone  
  44  4:26  Drone  
  44  4:27  Drone  
  44  4:28  Zergling x2  
  44  4:29  Zergling x2  
  48  4:34  Drone  
  48  4:37  Hydralisk Den  
  48  4:39  Drone x2  
  48  4:40  Extractor, Drone  
  48  4:41  Drone x2  
  48  4:42  Hatchery  
  48  4:43  Drone  
  52  4:56  Overlord  
  52  4:57  Overlord x2  
  52  5:18  Zerg Ground Armor Level 1  
  52  5:20  Drone, Zergling x4  
  52  5:21  Overlord  
  55  5:22  Drone x4  
  55  5:24  Extractor  
  55  5:25  Extractor  
  55  5:28  Hydralisk  
  57  5:35  Drone x2  
  60  5:46  Zergling x6  
  60  5:47  Drone  
  64  5:57  Drone x2  
  64  6:00  Hydralisk  
  64  6:02  Hatchery  
  67  6:06  Hatchery  
  59  6:23  Zergling x10  
  59  6:24  Zergling x10  
  66  6:35  Hydralisk  
  66  6:37  Drone  
  66  6:38  Zergling x4  
  66  6:54  Zerg Melee Weapons Level 2  
  61  6:57  Muscular Augments  
  61  7:01  Spore Crawler  
  61  7:03  Drone x2, Lurker Den  
  61  7:05  Drone, Zergling x2, Spore Crawler x2  
  61  7:21  Queen  
  63  7:23  Queen  
  63  7:26  Queen, Spore Crawler  
  63  7:29  Zerg Missile Weapons Level 1  
  66  7:36  Hydralisk, Zergling x2  
  66  7:37  Hydralisk x2, Zergling x2  
  61  7:38  Drone x2  
  61  7:40  Drone  
  71  7:45  Drone  
  71  7:46  Drone x2  
  73  7:56  Zergling x2  
  73  7:57  Zergling x8  
  78  7:59  Drone x2  
  78  8:01  Lurker  
  78  8:02  Lurker  
  78  8:05  Lurker x2  
  84  8:06  Lurker  
  84  8:10  Grooved Spines  
  84  8:11  Hydralisk  
  87  8:13  Drone  
  87  8:18  Drone x2  
  90  8:21  Spine Crawler  
  90  8:23  Spore Crawler  
  88  8:42  Drone x2  
  88  8:43  Drone x3, Hydralisk  
  88  8:44  Overlord  
  88  8:45  Overlord x3  
  95  8:55  Overlord  
  95  8:56  Drone  
  95  9:02  Queen  
  96  9:08  Hydralisk x3  
  96  9:09  Hydralisk x3  
  110  9:21  Spore Crawler  
  110  9:22  Hydralisk x3  
  115  9:28  Zerg Ground Armor Level 2, Zerg Missile Weapons Level 2  
  115  9:32  Spore Crawler  
  115  9:34  Infestation Pit  
  108  9:57  Drone  
  108  9:58  Drone x5  
  114  10:01  Extractor  
  114  10:02  Extractor  
  114  10:04  Hydralisk x2  
  114  10:05  Zergling x8  
  120  10:07  Lurker  
  120  10:11  Hive  
  121  10:15  Hatchery  
  121  10:17  Queen  
  121  10:20  Drone x3  
  121  10:21  Drone  
  126  10:35  Hydralisk, Baneling Nest  
  126  10:36  Hydralisk  
  126  10:37  Drone x2  
  126  11:06  Zergling x12  
  126  11:07  Drone x2  
  126  11:08  Zergling x6  
  134  11:14  Hatchery  
  123  11:48  Lurker x9  
  123  11:49  Hydralisk, Lurker x2  
  123  11:50  Hydralisk  
  123  11:51  Zergling x8  
  123  11:54  Overlord x3  
  142  12:02  Overlord x2  
  142  12:11  Queen  
  142  12:12  Ultralisk Cavern  
  143  12:18  Drone x9  
  143  12:19  Overlord  
  143  12:20  Overlord x4  
  143  12:47  Queen  
  143  12:50  Queen  
  147  12:52  Drone x7  
  147  12:53  Drone x2  
  147  12:56  Hydralisk x3  
  147  12:57  Hydralisk x4  
  170  13:00  Zerg Melee Weapons Level 3  
  163  13:21  Seismic Spines  
  144  13:35  Hydralisk x4  
  144  13:37  Zergling x4  
  144  13:38  Zergling x8  
  144  13:39  Zergling x10  
  145  13:49  Lurker  
  145  13:51  Lurker  
  145  13:52  Zergling x4  
  145  13:53  Drone  
  145  13:54  Drone x2  
  145  13:55  Spore Crawler  
  148  13:56  Spore Crawler  
  144  14:05  Extractor  
  144  14:06  Extractor  
  142  14:11  Drone  
  143  14:34  Drone x6  
  149  14:50  Anabolic Synthesis  
  149  14:52  Zerg Ground Armor Level 3  
  149  14:54  Hatchery  
  149  14:56  Hydralisk x3  
  149  14:57  Zergling x2  
  149  14:58  Zergling x14  
  149  14:59  Drone x2  
  164  15:13  Lurker x4  
  168  15:20  Extractor  
  167  15:21  Extractor, Queen  
  156  15:33  Chitinous Plating  
  156  15:36  Ultralisk  
  156  15:37  Zerg Missile Weapons Level 3, Ultralisk x3  
  180  16:04  Spore Crawler  
  179  16:18  Ultralisk  
  179  16:19  Ultralisk x2  
  156  16:54  Zergling x2, Ultralisk x5  
  161  16:55  Zergling x12  
  161  16:56  Zergling x8  
  161  16:57  Zergling x4  
  165  17:21  Ultralisk x2  
  165  17:22  Zergling x6  
  167  17:24  Drone  
  167  17:25  Drone  
  112  17:45  Overseer  
  102  17:55  Ultralisk x4  
  102  17:56  Zergling x4  
  102  17:57  Drone x3  
  120  18:18  Hatchery  
  96  18:23  Hydralisk x2  
  96  18:24  Hydralisk x2  
  96  18:25  Drone  
  96  18:26  Drone  
  94  18:28  Hatchery  
  91  18:41  Hatchery  
  90  18:42  Zergling x2, Ultralisk  
  90  18:43  Zergling x4  
  96  18:51  Hatchery  
  83  19:01  Ultralisk  
  83  19:02  Zergling x6  
  80  19:12  Lurker  
  63  19:40  Zergling x2, Ultralisk  
  63  19:41  Drone, Zergling x8  
  75  19:47  Spine Crawler  
  75  19:49  Spine Crawler x2  
  75  19:50  Spine Crawler  
  75  19:51  Spine Crawler  
  70  20:00  Zergling x4  
  70  20:01  Drone x2  
  72  20:17  Extractor  
  47  20:29  Drone  
  47  20:30  Drone x2  
  47  20:31  Drone x3  
  47  20:34  Extractor, Queen  
  44  20:35  Queen  
  46  20:56  Drone  
  46  20:57  Drone x2  
  49  20:59  Zergling x2  
  49  21:00  Extractor, Zergling x10  
  56  21:11  Queen  
  56  21:15  Zergling x4  
  56  21:16  Drone x3, Zergling x4  
  56  21:17  Zergling x4  
  44  21:37  Spine Crawler x4  
  44  21:38  Spine Crawler  
  31  21:48  Drone x3  
  39  22:09  Drone  
Tags
 
Add a new tag
Caveats
  • Supply blocks, unpowered buildings, or Contaminate may cause inaccurate times.
  • Supply counts are checked every 10 seconds.